 Dungeon Crawl Stone Soup version 0.28-a0-397-g1a7b1a870f (webtiles) character file.

Game seed: 6818677257256127822

2 Gargoyl the Skirmisher (level 1, 23/23 HPs)
             Began as a Gnoll Abyssal Knight on Sept 4, 2021.
             Was an Initiate of Lugonu.
             Quit the game on level 1 of the Dungeon.
             The game lasted 00:00:31 (429 turns).

Gargoyl the Skirmisher (Gnoll Abyssal Knight)        Turns: 429, Time: 00:00:31

Health: 23/23      AC:  3    Str: 11    XL:     1   Next: 30%
Magic:  3/3        EV: 11    Int: 11    God:    Lugonu [......]
Gold:   0          SH:  0    Dex: 11    Spells: 0/0 levels left

rFire   . . .      SeeInvis .   a - +1 hand axe
rCold   + . .      Faith    .   (no shield)
rNeg    . . .      Spirit   .   b - +0 leather armour
rPois   .          Reflect  .   (no helmet)
rElec   .          Harm     .   (no cloak)
rCorr   .          Rampage  .   (no gloves)
Will    .....                   (no boots)
Stlth   +.........              (no amulet)
HPRegen 0.07/turn               c - ring of protection from cold
MPRegen 0.08/turn               (no ring)

@: no status effects
A: fangs 1, strong nose, distributed training
a: Renounce Religion


You were on level 1 of the Dungeon.
You worshipped Lugonu.
Lugonu was noncommittal.
You visited 1 branch of the dungeon, and saw 1 of its levels.
You visited the Abyss 1 time.

Inventory:

Hand Weapons
 a - a +1 hand axe (weapon)
Armour
 b - a +0 leather armour (worn)
Jewellery
 c - a ring of protection from cold (left hand)


   Skills:
 + Level 6.4 Fighting
 + Level 0.0 Short Blades
 + Level 0.0 Long Blades
 + Level 4.4 Axes
 + Level 0.0 Maces & Flails
 + Level 0.0 Polearms
 + Level 0.0 Staves
 + Level 0.0 Slings
 + Level 0.0 Bows
 + Level 0.0 Crossbows
 + Level 0.0 Throwing
 + Level 4.4 Armour
 + Level 2.3 Dodging
 + Level 0.0 Stealth
 + Level 0.0 Shields
 + Level 0.0 Unarmed Combat
 + Level 0.0 Spellcasting
 + Level 0.0 Conjurations
 + Level 0.0 Hexes
 + Level 0.0 Summonings
 + Level 0.0 Necromancy
 + Level 0.0 Translocations
 + Level 0.0 Transmutations
 + Level 0.0 Fire Magic
 + Level 0.0 Ice Magic
 + Level 0.0 Air Magic
 + Level 0.0 Earth Magic
 + Level 0.0 Poison Magic
 + Level 4.4 Invocations
 + Level 0.0 Evocations


You couldn't memorise any spells.
You didn't know any spells.
Your spell library was empty.

Dungeon Overview and Level Annotations

Branches:
Dungeon (1/15)

Altars:


Innate Abilities, Weirdness & Mutations

You have very sharp teeth.
Your uncanny sense of smell can sniff out nearby items.
Your experience applies equally to all skills.


Message History

The neqoxec gestures at you.
Something tries to feed on your intellect!
The neqoxec gestures at you.
Something tries to feed on your intellect!
You see here a ring of protection from cold.
c - a ring of protection from cold The large abomination closely misses you.
You pass through the gate.
You can no longer depart the Abyss at will.
There is a staircase leading out of the dungeon here.
c - a ring of protection from cold (left hand) Magic restored.
HP restored.
Found a stone staircase leading down.
A giant cockroach comes into view.
Found a stone staircase leading down.
The giant cockroach bites you but does no damage.
You hit the giant cockroach.
The giant cockroach is almost dead.
The giant cockroach closely misses you. The giant cockroach bites you.
You hit the giant cockroach but do no damage.
Your bite misses the giant cockroach.
The giant cockroach is almost dead.
The giant cockroach closely misses you.
You closely miss the giant cockroach. Your bite misses the giant cockroach.
The giant cockroach is almost dead.
The giant cockroach closely misses you.
You slash the giant cockroach!
You kill the giant cockroach!
Lugonu accepts your kill.
You see here a giant cockroach corpse.
There is a stone staircase leading down here.
A rat comes into view.
A rat is nearby!
The rat closely misses you.
You hit the rat.
You kill the rat!
Lugonu accepts your kill.
Found a lumpy puce potion.
Are you sure you want to abandon this character and quit the game? (Confirm with "yes".)

........# #####.#.# .#
#.#.#### .### #.#.>..#
... #†####.# ..# ∆ #.#
#.# ..# #####.####.##
##..####.
......>.....####.......!
#.###...........@..#
######..#####..# #..#
..... #.... ..##.#
...... ### .. ##.####. .
###


There were no monsters in sight!

Vanquished Creatures
  A giant cockroach (D:1)
  A rat (D:1)
2 creatures vanquished.

Notes
Turn   | Place    | Note
-------+----------+-------------------------------------------
     0 | Abyss:1  | Gargoyl the Gnoll Abyssal Knight began the quest for the
                  | Orb.
     0 | Abyss:1  | Reached XP level 1. HP: 23/23 MP: 3/3
    48 | Abyss:1  | Noticed a neqoxec
    49 | Abyss:1  | Noticed a large abomination
    64 | Abyss:1  | Noticed a small abomination
   101 | D:1      | Escaped the Abyss
   429 | D:1      | Quit the game

Illustrated notes

Levels and vault maps discovered:
D:1:      zelgadis_glass_arrival_small, layout_loops_ring,
          dreamdust_ecumenical_altar_statues, minmay_box_of_dots

Action                   || total
-------------------------++-------
Melee: Hand axe          ||     5
Invok: Depart the Abyss  ||     1
Armor: Leather armour    ||     1
Dodge: Dodged            ||     5

Table legend: (Time is in decaauts)
 A = Elapsed time spent in this place.
 B = Non-inter-level travel time spent in this place.
 C = Inter-level travel time spent in this place.
 D = Time resting spent in this place.
 E = Time spent auto-exploring this place.
 F = Levels seen in this place.
 G = Mean time per level.
                   A        B        C        D        E       F      G
               +--------+--------+--------+--------+--------+-----+--------+
         Total |    430 |    430 |      0 |      0 |    354 |   2 |  215.0 |
       Dungeon |    327 |    327 |      0 |      0 |    307 |   1 |  327.0 |
         Abyss |    102 |    102 |      0 |      0 |     47 |   1 |  102.0 |
               +--------+--------+--------+--------+--------+-----+--------+

Top non-repeatable levels by time:
     D:1: 327 daAuts
 Abyss:1: 102 daAuts
